 Dungeon Crawl Stone Soup version 0.29.1-1-gd02db6906a (webtiles) character file.

Game seed: 15275159680811666685

44 jimonade the Sneak (level 3, 0/21 HPs)
             Began as a Kobold Brigand on Sept 17, 2022.
             Succumbed to an adder's poison
             ... on level 2 of the Dungeon.
             The game lasted 00:02:07 (1682 turns).

jimonade the Sneak (Kobold Brigand)                 Turns: 1682, Time: 00:02:07

Health: 0/21       AC:  7    Str:  8    XL:     3   Next: 87%
Magic:  3/3        EV: 12    Int: 12    God:
Gold:   66         SH:  0    Dex: 18    Spells: 2/2 levels left

rFire   . . .      SeeInvis .   a - +2 dagger
rCold   . . .      Faith    .   (no shield)
rNeg    + . .      Spirit   .   m - +1 ring mail {rN+}
rPois   .          Reflect  .   (no helmet)
rElec   .          Harm     .   c - +0 cloak
rCorr   +          Rampage  .   (no gloves)
Will    .....                   (no boots)
Stlth   ++........              (no amulet)
HPRegen 0.07/turn               r - ring of resist corrosion
MPRegen 0.08/turn               (no ring)

@: confused, lethally poisoned (0 -> -5)
A: small, no large weapons, nightstalker 3
a: no special abilities


You were on level 2 of the Dungeon.
You visited 1 branch of the dungeon, and saw 2 of its levels.

You collected 66 gold pieces.

Inventory:

Hand Weapons
 a - a +2 dagger (weapon)
 n - a +0 short sword
 p - a +0 sling
Missiles
 d - 13 poisoned darts (quivered)
 e - 3 curare-tipped darts
Armour
 b - a +0 robe
 c - a +0 cloak (worn)
 g - a +0 leather armour
 m - a +1 ring mail of positive energy (worn)
 o - a +0 scale mail
Jewellery
 r - a ring of resist corrosion (left hand)
Scrolls
 f - a scroll of enchant weapon {unknown}
 h - 2 scrolls of identify {unknown}
 q - a scroll of fog {unknown}
Potions
 i - a potion of might {unknown}
 j - a potion of degeneration {unknown}
 k - a potion of cancellation {unknown}
 l - a potion of lignification {unknown}


   Skills:
 - Level 2.1 Fighting
 + Level 5.2 Short Blades
 - Level 2.1 Throwing
 - Level 1.2 Dodging
 - Level 5.3 Stealth


You had 2 spell levels left.
You didn't know any spells.
Your spell library contained the following spells:

 Spells                   Type           Power      Damage    Failure   Level
 Scorch                   Fire           0%         2d5       83%         2
 Flame Wave               Conj/Fire      0%         2d4       100%        4
 Summon Cactus Giant      Summ           0%         N/A       100%        6


Dungeon Overview and Level Annotations

Branches:
Dungeon (2/15)

Altars:


Innate Abilities, Weirdness & Mutations

You are small and have problems with some larger weapons.
You are completely attuned to the shadows.


Message History

The puff of flame hits you.
* * * LOW HITPOINT WARNING * * *
The orc misses you. The orc attacks as you move away!
The orc hits you but does no damage.
The orc wizard hits you with a +0 dagger.
* * * LOW HITPOINT WARNING * * *
You closely miss the orc wizard. The orc wizard casts a spell at you.
The magic dart hits you.
* * * LOW HITPOINT WARNING * * *
The orc hits you but does no damage.
You miss the orc. The adder bites you but does no damage.
You bump into the rock wall.
The orc wizard hits you but does no damage.
The adder closely misses you.
You bump into the rock wall.
You feel less confused. The adder misses you.
You hit the orc wizard.
The orc wizard is moderately wounded.
The adder closely misses you. The orc barely misses you.
You hit the orc wizard but do no damage.
The orc wizard is moderately wounded.
The adder misses you. The orc hits you but does no damage.
The orc wizard points at you and mumbles some strange words.
You are confused.
You miss the orc wizard.
The orc wizard is moderately wounded.
The adder bites you but does no damage. The orc wizard barely misses you.
You're too confused to move!
The adder bites you but does no damage.
The orc wizard hits you but does no damage.
The adder bites you but does no damage.
You bump into the rock wall.
The adder bites you.
* * * LOW HITPOINT WARNING * * *
You are lethally poisoned!
The adder poisons you!
You hit the orc.
The orc is moderately wounded.
You die...

#.............#.
#.............#.
#.............#.
#.............#.
#.............#. ###
#.............#. ...
#.......#######.
###.####...............
....oo@#...............
..?..So####............
......w# #............
.......####............
..........'............
.......####............
......# #.†..........
....^# #............
.... #.........


You could see a worm, an orc wizard, an adder and 2 orcs.

Vanquished Creatures
  A worm (D:2)
  4 endoplasms (D:1)
  2 giant cockroaches (D:2)
  2 hobgoblins (D:1)
  8 jackals
  4 kobolds (D:1)
  A ball python (D:1)
  2 bats
  3 frilled lizards (D:1)
  4 goblins
  7 rats
38 creatures vanquished.

Notes
Turn   | Place    | Note
-------+----------+-------------------------------------------
     0 | D:1      | jimonade the Kobold Brigand began the quest for the Orb.
     0 | D:1      | Reached XP level 1. HP: 12/12 MP: 1/1
   210 | D:1      | Reached XP level 2. HP: 8/17 MP: 2/2
   694 | D:1      | Reached XP level 3. HP: 21/21 MP: 3/3
   906 | D:1      | Found a faded altar of an unknown god.
  1273 | D:2      | Reached skill level 5 in Short Blades
  1681 | D:2      | HP: 1/21 [adder (3)]
  1682 | D:2      | Succumbed to an adder's poison

Illustrated notes

Levels and vault maps discovered:
D:1:      moated_graveyard_arrival, layout_rooms,
          shapermc_ecumenical_altar_totnotflames, minmay_tetromino_t4
D:2:      layout_basic, basic_altar

Skill      XL: |  1  2  3 |
---------------+----------+-----
Short Blades   | 3 4 5 |  5.2
Fighting       | |  2.1
Throwing       | |  2.1
Dodging        | |  1.2
Stealth        | |  5.3

Action                   || total
-------------------------++-------
Melee: Dagger            ||   115
       Punch             ||     2
 Stab: Sleeping          ||     9
       Distracted        ||     1
Armor: Leather armour    ||    16
       Ring mail         ||    27
Dodge: Dodged            ||    75
